 Dungeon Crawl Stone Soup version 0.29.0-4-gdea44cf6ec (webtiles) character file.

Game seed: 8083367606667499423

51 qw the Chopper (level 3, -1/21 HPs)
             Began as a Tengu Warper on Aug 28, 2022.
             Succumbed to a scorpion's poison
             ... on level 3 of the Dungeon.
             The game lasted 00:00:10 (1975 turns).

qw the Chopper (Tengu Warper)                       Turns: 1975, Time: 00:00:10

Health: -1/21      AC:  6    Str: 13    XL:     3   Next: 81%
Magic:  7/7        EV:  9    Int: 13    God:
Gold:   144        SH:  0    Dex: 13    Spells: 6/6 levels left

rFire   . . .      SeeInvis .   Y - +0 hand axe
rCold   . . .      Faith    .   (no shield)
rNeg    . . .      Spirit   .   c - +0 scale mail
rPois   .          Reflect  .   (helmet restricted)
rElec   .          Harm     .   (no cloak)
rCorr   .          Rampage  .   (no gloves)
Will    .....                   (boots unavailable)
Stlth   ..........              (no amulet)
HPRegen 0.07/turn               (no ring)
MPRegen 0.10/turn               (no ring)

@: lethally poisoned (-1 -> -9), about to teleport
A: beak, talons 3
a: no special abilities


You were on level 3 of the Dungeon.
You visited 1 branch of the dungeon, and saw 3 of its levels.

You collected 144 gold pieces.


Innate Abilities, Weirdness & Mutations

You have a beak for a mouth.
You have claws for feet.


   Skills:
 - Level 2.0 Fighting
 + Level 4.4 Axes
 - Level 1.0 Throwing
 - Level 1.1 Armour
 - Level 2.1 Dodging
 - Level 2.0 Spellcasting
 - Level 2.4 Translocations


You had 6 spell levels left.
You didn't know any spells.
Your spell library contained the following spells:

 Spells                   Type           Power      Damage    Failure   Level
 Blink                    Tloc           14%        N/A       56%         2
 Gell's Gravitas          Tloc           7%         N/A       80%         3
 Lesser Beckoning         Tloc           7%         N/A       80%         3
 Teleport Other           Tloc           7%         N/A       80%         3
 Manifold Assault         Tloc           7%         N/A       100%        5

Inventory:

Hand Weapons
 d - a +0 flail
 Y - a +0 hand axe (weapon)
Armour
 c - a +0 scale mail (worn)
Scrolls
 b - a scroll of noise {unknown}
 f - 3 scrolls of poison {unknown}
 i - 2 scrolls of identify
Potions
 e - a potion of resistance {unknown}
 g - a potion of might
 h - a potion of curing

Dungeon Overview and Level Annotations

Branches:
Dungeon (3/15)

Altars:
Gozag


Message History

You see here a giant cockroach corpse.
You hear the rusting of a distant drain.
Found a stone staircase leading down.
Enter note: A scorpion comes into view.
You hit the scorpion but do no damage. Your kick misses the scorpion.
You peck the scorpion, but do no damage.
The scorpion stings you.
You hit the scorpion but do no damage. Your peck misses the scorpion.
The scorpion misses you.
You hit the scorpion.
You claw the scorpion, but do no damage.
Your peck misses the scorpion.
The scorpion is lightly wounded.
The scorpion completely misses you. The scorpion stings you.
You hit the scorpion but do no damage. You claw the scorpion.
Your peck misses the scorpion.
The scorpion is lightly wounded.
The scorpion closely misses you.
You hit the scorpion but do no damage. Your kick misses the scorpion.
The scorpion is lightly wounded.
The scorpion stings you.
You hit the scorpion.
The scorpion is moderately wounded.
The scorpion stings you but does no damage.
You hit the scorpion. Your kick misses the scorpion.
You peck the scorpion, but do no damage.
The scorpion is moderately wounded.
The scorpion stings you. x2
You hit the scorpion but do no damage.
You claw the scorpion, but do no damage.
Your peck misses the scorpion.
The scorpion is moderately wounded.
The scorpion stings you.
You are lethally poisoned!
The scorpion poisons you!
1975 ||| READING scroll of teleportation.
As you read the scroll of teleportation, it crumbles to dust.
You feel strangely unstable.
You die... #.## #..# ###### #... ......# #.#..#### PPPPP.# #.#.....# ......# ###.#.....# PPP.P..

..#.#.....#.#
......####.#.#...s...#
._..P.[)<#.#.#.#@#.....
....P.[#)#.#.#.#....###
PPP.P..#.#.#.#.##...#
...................>#
PPPPP..#.#.###.###..#
.......#.#.# #.# ..#
..<..#.#.#.# #.. ...
####.#.#.#.#######..##
#.#.#............


You could see a scorpion.

Vanquished Creatures
  An adder (D:2)
  5 orcs (D:3)
  4 endoplasms
  2 giant cockroaches
  2 goblins (D:2)
  A hobgoblin (D:2)
  3 kobolds
  A quokka (D:2)
  7 ball pythons
  3 bats
  5 rats
34 creatures vanquished.

Vanquished Creatures (others)
  2 fungi (D:3)
2 creatures vanquished.

Grand Total: 36 creatures vanquished

Notes
Turn   | Place    | Note
-------+----------+-------------------------------------------
     0 | D:1      | qw the Tengu Warper began the quest for the Orb.
     0 | D:1      | Reached XP level 1. HP: 12/12 MP: 4/4
     0 | D:1      | 0 ||| qw: Version: 0.1-a-89-g26bdef1
     0 | D:1      | 0 ||| qw: Game counter: 415
     0 | D:1      | 0 ||| qw: Always use a shield: true
     0 | D:1      | 0 ||| qw: God list: Okawaru
     0 | D:1      | 0 ||| qw: Allow faded altars: false
     0 | D:1      | 0 ||| qw: Do Orc after D:15 true
     0 | D:1      | 0 ||| qw: Do second Lair branch before Depths: true
     0 | D:1      | 0 ||| qw: Lair rune preference: random
     0 | D:1      | 0 ||| qw: Plans: Normal
     0 | D:1      | 0 ||| PLANNING D:1-11
   502 | D:1      | Reached XP level 2. HP: 17/17 MP: 6/6
   512 | D:1      | Reached skill level 3 in Axes
  1160 | D:1      | 1160 ||| UPGRADING to +0 ring mail.
  1170 | D:1      | 1170 ||| DROPPING +0 leather armour.
  1171 | D:1      | 1171 ||| READING scroll labelled KIYNIGGUUJ.
  1172 | D:1      | 1172 ||| READING 3 scrolls labelled FAIFREIN INIA.
  1173 | D:1      | 1173 ||| DRINKING 2 bubbling white potions.
  1174 | D:1      | 1174 ||| DRINKING 2 fuming pink potions.
  1175 | D:1      | 1175 ||| READING 2 scrolls of identify.
  1175 | D:1      | 1175 ||| IDENTIFYING fizzy white potion
  1176 | D:1      | 1176 ||| DROPPING scroll of blinking.
  1177 | D:1      | 1177 ||| DROPPING potion of degeneration.
  1230 | D:2      | Reached XP level 3. HP: 21/21 MP: 7/7
  1254 | D:2      | 1254 ||| Stepping ~*~*~tactically~*~*~ (stealth).
  1497 | D:2      | Reached skill level 4 in Axes
  1540 | D:2      | 1540 ||| DROPPING +0 club.
  1704 | D:2      | 1704 ||| Stepping ~*~*~tactically~*~*~ (stealth).
  1732 | D:2      | 1732 ||| UPGRADING to +0 scale mail.
  1742 | D:2      | 1742 ||| DROPPING +0 ring mail.
  1743 | D:2      | 1743 ||| READING 2 scrolls labelled ZET NIDWANOU.
  1747 | D:2      | 1747 ||| READING 3 scrolls of identify.
  1747 | D:2      | 1747 ||| IDENTIFYING fizzy brown potion
  1748 | D:2      | 1748 ||| DROPPING potion of magic.
  1755 | D:3      | Found an opulent altar of Gozag.
  1756 | D:3      | 1756 ||| PLANNING SEWER
  1758 | D:3      | 1758 ||| Stepping ~*~*~tactically~*~*~ (stealth).
  1760 | D:3      | 1760 ||| Stepping ~*~*~tactically~*~*~ (stealth).
  1773 | D:3      | 1773 ||| FLEEEEING.
  1774 | D:3      | 1774 ||| STAIRDANCE
  1863 | D:3      | 1863 ||| STAIRDANCE
  1876 | D:3      | 1876 ||| DROPPING +0 whip.
  1966 | D:3      | Noticed a scorpion
  1974 | D:3      | HP: 1/21 [scorpion (5)]
  1975 | D:3      | 1975 ||| READING scroll of teleportation.
  1975 | D:3      | Succumbed to a scorpion's poison

Levels and vault maps discovered:
D:1:      amcnicky_arrival_blooded_trapdoor, layout_basic
D:2:      layout_basic
D:3:      layout_basic, eat_drink_and_be_merry_uskayaw,
          mainiacjoe_overflow_cross_hatched, tgw_fedhas, gup_sewer_entry_bowl

Skill      XL: |  1  2  3 |
---------------+----------+-----
Axes           | 3 4 |  4.4
Fighting       | |  2.0
Throwing       | |  1.0
Armour         | |  1.1
Dodging        | |  2.1
Spellcasting   | |  2.0
Translocations | |  2.4

Action                   || total
-------------------------++-------
Melee: Hand axe          ||    69
       Kick              ||    25
       Peck              ||     9
Throw: Boomerang         ||     7
  Use: Scroll            ||     6
       Potion            ||     2
Armor: Leather armour    ||     6
       Ring mail         ||    12
       Scale mail        ||     5
Dodge: Dodged            ||    27

Table legend:
 A = Non-vault XP
 B = Vault XP
 C = Vault XP percentage of total XP
 D = Non-vault monster count
 E = Vault monster count
 F = Vault count percentage of total count
                 A         B        C        D         E       F
            +---------+---------+-------+---------+---------+-------
      Total |      73 |       0 |   0.0 |      34 |       0 |   0.0
            +---------+---------+-------+---------+---------+-------
        D:1 |      19 |       0 |   0.0 |      13 |       0 |   0.0
        D:2 |      35 |       0 |   0.0 |      14 |       0 |   0.0
        D:3 |      19 |       0 |   0.0 |       7 |       0 |   0.0
            +---------+---------+-------+---------+---------+-------
